Map: 아크로폴리스 - 래더

Players

TSGSolar (Solar) - Winner!

  • Race: Zerg Zerg
  • League: Diamond
  • Spawn Location: 5:00

soO

  • Race: Zerg Zerg
  • League: Master
  • Spawn Location: 11:00

Event: HomeStory Cup XX

VOD

Have the link to the VOD?

Description

Time

  • Played on: Nov. 23, 2019, 1:34 p.m.
  • Length: 9:45

All games in this series

Show
View Real Time Build Order
Export as new Build Order

TSGSolar Zerg - Winner!

Build Orders: Hatch First, Muta Ling Bane 

Get SALT Encoding   

  12  0:01  Drone  
  13  0:12  Overlord  
  13  0:16  Drone  
  14  0:31  Drone x2  
  16  0:48  Hatchery  
  15  0:51  Drone  
  15  0:54  Drone  
  17  0:57  Drone  
  18  1:08  Extractor  
  17  1:13  Spawning Pool  
  17  1:15  Drone  
  17  1:18  Drone  
  18  1:28  Drone  
  19  1:39  Drone  
  20  1:49  Overlord  
  20  1:59  Queen x2  
  20  2:00  Zergling x2  
  20  2:01  Drone  
  26  2:09  Metabolic Boost  
  26  2:11  Drone x2  
  28  2:22  Drone x2  
  30  2:36  Hatchery  
  29  2:38  Drone x2  
  31  2:44  Queen  
  31  2:50  Overlord  
  33  2:52  Drone  
  33  2:57  Baneling Nest  
  33  2:59  Drone  
  33  3:01  Drone  
  35  3:07  Drone  
  35  3:09  Zergling x4  
  35  3:11  Drone  
  39  3:13  Drone  
  39  3:14  Drone  
  39  3:17  Drone  
  39  3:19  Drone  
  43  3:23  Overlord  
  43  3:26  Zergling x2  
  43  3:32  Drone, Evolution Chamber  
  45  3:41  Drone x3  
  45  3:42  Drone x2  
  45  3:44  Drone  
  49  3:48  Drone  
  49  3:53  Zergling x6  
  49  3:55  Drone x2  
  55  3:57  Lair  
  55  4:00  Drone  
  56  4:06  Extractor  
  56  4:07  Extractor, Overlord  
  56  4:08  Zerg Melee Weapons Level 1, Drone  
  55  4:11  Drone x2  
  55  4:13  Drone  
  55  4:16  Overlord  
  58  4:21  Overlord  
  58  4:25  Extractor  
  58  4:26  Drone x4  
  58  4:28  Overlord  
  58  4:29  Drone  
  58  4:30  Drone  
  63  4:32  Drone  
  63  4:33  Drone  
  64  4:38  Drone  
  64  4:41  Drone  
  64  4:42  Drone  
  64  4:44  Drone x3  
  70  4:53  Zergling x2  
  70  4:54  Zergling x6  
  70  4:55  Roach Warren  
  70  4:57  Spire  
  72  5:00  Extractor, Overseer  
  72  5:01  Extractor  
  72  5:04  Drone x3  
  72  5:05  Overlord  
  73  5:07  Zergling x2  
  73  5:08  Zergling x2  
  73  5:09  Zergling x2  
  73  5:11  Zergling x2  
  73  5:13  Drone  
  78  5:15  Drone x2  
  78  5:18  Zergling x4  
  78  5:20  Overlord  
  83  5:22  Overlord  
  83  5:25  Zergling x6  
  83  5:27  Overlord  
  86  5:30  Zergling x4  
  86  5:34  Drone  
  86  5:35  Baneling  
  87  5:36  Zergling x4, Baneling  
  87  5:37  Overlord  
  87  5:41  Overlord  
  89  5:44  Overlord  
  89  5:47  Drone  
  85  5:50  Drone  
  85  5:54  Overlord  
  84  6:09  Mutalisk x8  
  100  6:12  Zerg Flyer Weapons Level 1  
  100  6:15  Mutalisk x2  
  100  6:18  Hatchery  
  103  6:19  Mutalisk  
  104  6:26  Drone x2  
  104  6:27  Zergling x8  
  110  6:33  Mutalisk x2  
  110  6:38  Overlord  
  114  6:41  Zergling x4  
  114  6:45  Mutalisk x2  
  119  6:47  Overlord  
  119  6:51  Drone x2  
  119  6:53  Drone  
  122  6:56  Centrifical Hooks  
  122  6:58  Zergling x2  
  122  6:59  Zergling x6  
  124  7:03  Extractor, Zergling x2  
  124  7:04  Zergling x8  
  124  7:08  Extractor  
  125  7:10  Mutalisk, Zerg Melee Weapons Level 2  
  125  7:15  Drone  
  128  7:16  Mutalisk  
  128  7:19  Drone  
  128  7:20  Overlord  
  130  7:25  Mutalisk  
  132  7:30  Mutalisk  
  132  7:32  Zergling x12  
  132  7:33  Queen  
  132  7:36  Overlord  
  142  7:41  Mutalisk x2  
  146  7:46  Zergling x6  
  146  7:50  Drone x2  
  151  7:52  Mutalisk x2, Overlord  
  151  7:54  Zergling x6  
  157  7:58  Mutalisk  
  157  8:00  Mutalisk  
  157  8:04  Mutalisk  
  162  8:06  Zergling x6  
  162  8:07  Overlord  
  162  8:11  Zergling x4  
  167  8:14  Mutalisk x2  
  167  8:19  Mutalisk  
  165  8:21  Zergling x10  
  165  8:25  Baneling x5  
  165  8:26  Zergling x6  
  169  8:29  Zergling x2  
  169  8:31  Mutalisk  
  172  8:34  Zergling x2  
  172  8:35  Zergling x2  
  173  8:43  Mutalisk x2  
  173  8:46  Zergling x4  
  170  8:50  Mutalisk x2  
  170  8:52  Zergling x12  
  159  8:55  Mutalisk  
  159  8:57  Zergling x4  
  159  8:58  Zergling x6  
  159  9:01  Mutalisk  
  156  9:03  Zergling x4  
  156  9:07  Mutalisk  
  155  9:10  Mutalisk  
  155  9:12  Zergling x2  
  155  9:14  Mutalisk  
  154  9:19  Zergling x4  
  157  9:25  Zergling x6  
  164  9:31  Hatchery  
Show
View Real Time Build Order
Export as new Build Order

soO Zerg 

Build Orders: Hatch First, Roach Hydra 

Get SALT Encoding   

  12  0:00  Drone  
  13  0:12  Overlord  
  13  0:17  Drone  
  14  0:30  Drone x2  
  16  0:48  Hatchery  
  15  0:50  Drone  
  15  0:54  Drone  
  17  0:57  Drone  
  18  1:08  Extractor  
  17  1:12  Spawning Pool  
  17  1:16  Drone  
  17  1:19  Drone  
  18  1:28  Drone  
  19  1:39  Drone  
  20  1:49  Overlord  
  20  2:00  Zergling x2, Queen x2  
  25  2:01  Drone  
  26  2:08  Metabolic Boost  
  26  2:10  Drone  
  26  2:11  Drone  
  28  2:21  Drone x2  
  30  2:34  Hatchery  
  30  2:35  Drone  
  30  2:38  Drone  
  30  2:43  Overlord  
  31  2:50  Zergling x2  
  32  2:55  Drone  
  32  2:56  Drone, Baneling Nest  
  33  3:04  Drone x2  
  35  3:08  Queen  
  35  3:10  Drone  
  35  3:12  Drone  
  39  3:13  Drone  
  39  3:17  Zergling x2  
  41  3:20  Overlord  
  41  3:24  Drone  
  42  3:27  Evolution Chamber  
  42  3:29  Drone  
  42  3:30  Drone x2  
  44  3:39  Drone x4  
  44  3:40  Drone  
  49  3:43  Drone  
  50  3:50  Drone  
  50  3:51  Overlord  
  50  3:52  Zerg Missile Weapons Level 1  
  50  3:55  Drone  
  52  3:58  Drone  
  53  4:03  Lair, Drone x2  
  53  4:05  Extractor  
  53  4:07  Extractor  
  53  4:08  Drone  
  53  4:09  Drone  
  54  4:13  Drone x2  
  56  4:18  Drone  
  56  4:21  Zergling x4, Roach Warren  
  56  4:22  Drone x2  
  56  4:23  Drone  
  56  4:24  Drone  
  62  4:26  Drone x2  
  62  4:30  Overlord  
  64  4:33  Drone, Pneumatized Carapace  
  64  4:38  Overlord  
  65  4:40  Extractor  
  65  4:41  Extractor  
  65  4:43  Drone x2, Overlord  
  65  4:47  Overlord  
  65  4:48  Drone  
  65  4:49  Drone x2  
  65  4:50  Drone  
  65  4:51  Drone  
  70  4:53  Drone  
  70  4:54  Drone  
  70  4:55  Drone  
  70  4:56  Drone  
  70  4:59  Zergling x4  
  76  5:04  Glial Reconstitution  
  77  5:07  Overseer, Zergling x2  
  77  5:13  Drone x2  
  77  5:14  Extractor, Drone  
  78  5:18  Overseer  
  79  5:21  Drone  
  79  5:23  Drone  
  79  5:24  Evolution Chamber  
  79  5:26  Hatchery, Roach  
  79  5:27  Roach x2  
  85  5:31  Roach x2  
  85  5:33  Baneling  
  85  5:34  Baneling, Roach x2  
  90  5:36  Roach  
  90  5:37  Roach  
  90  5:39  Roach  
  96  5:45  Overlord  
  96  5:49  Overlord  
  96  5:50  Overlord  
  96  5:53  Roach, Baneling x2, Hydralisk Den  
  96  5:55  Overlord  
  96  5:56  Zerg Ground Armor Level 1  
  97  5:59  Overlord  
  97  6:03  Overlord  
  97  6:04  Zerg Missile Weapons Level 2  
  97  6:05  Drone  
  97  6:09  Drone  
  97  6:11  Spore Crawler x2, Drone  
  99  6:12  Drone  
  99  6:17  Drone  
  100  6:21  Spore Crawler x2  
  100  6:24  Grooved Spines, Hydralisk x5  
  108  6:29  Hydralisk x2  
  108  6:30  Hydralisk  
  114  6:42  Hydralisk x2  
  118  6:50  Hatchery  
  118  6:53  Hydralisk x3  
  118  6:54  Hydralisk  
  125  7:03  Drone  
  122  7:09  Drone x2  
  122  7:11  Lurker Den  
  122  7:14  Hydralisk x4  
  130  7:21  Overlord  
  130  7:25  Overlord  
  128  7:35  Muscular Augments, Drone x2, Hydralisk x2  
  128  7:36  Hydralisk x2  
  136  7:41  Overlord  
  134  7:49  Drone  
  134  7:50  Drone  
  136  7:54  Overlord  
  136  7:55  Infestation Pit  
  135  7:59  Overlord  
  135  8:01  Roach x3  
  135  8:03  Drone  
  135  8:04  Queen  
  143  8:11  Drone x3  
  143  8:12  Extractor, Burrow  
  143  8:16  Drone  
  143  8:17  Spore Crawler  
  143  8:18  Hydralisk x6  
  147  8:26  Hydralisk x3  
  149  8:31  Lurker  
  149  8:32  Spore Crawler  
  149  8:38  Queen  
  149  8:40  Drone  
  150  8:41  Extractor, Lurker  
  150  8:44  Roach x8  
  157  8:48  Queen  
  157  8:49  Queen  
  157  8:52  Hydralisk x3  
  137  8:57  Hydralisk  
  137  9:00  Hydralisk x2  
  122  9:05  Hydralisk x2  
  122  9:06  Hydralisk  
  113  9:10  Hydralisk x2  
  113  9:11  Drone  
  113  9:15  Hydralisk  
  113  9:16  Hydralisk  
  108  9:19  Hydralisk  
Tags
 
Add a new tag
Caveats
  • Supply blocks, unpowered buildings, or Contaminate may cause inaccurate times.
  • Supply counts are checked every 10 seconds.